 Dungeon Crawl Stone Soup version 0.30-a0-802-gb92711bcdf (webtiles) character file.

Game seed: 13768840450151565059

168 hikkokomori the Trooper (level 5, -6/34 HPs)
             Began as a Gargoyle Fighter on Feb 24, 2023.
             Mangled by an orc
             ... wielding a +0 war axe
              (7 damage)
             ... on level 3 of the Dungeon.
             The game lasted 00:03:11 (1900 turns).

hikkokomori the Trooper (Gargoyle Fighter)          Turns: 1900, Time: 00:03:11

Health: -6/34      AC: 12    Str: 19    XL:     5   Next: 48%
Magic:  5/5        EV:  9    Int: 11    God:
Gold:   157        SH:  4    Dex:  9    Spells: 4/4 levels left

rFire   . . .      SeeInvis .    a - +0 war axe
rCold   . . .      Faith    .    c - +0 buckler
rNeg    + . .      Spirit   .    b - +0 scale mail
rPois   ∞          Reflect  .    n - +0 helmet
rElec   +          Harm     .    (no cloak)
rCorr   .          Rampage  .    (no gloves)
Will    .....                    (no boots) Stlth
                                 (no amulet)
HPRegen 0.25/turn                (no ring)
MPRegen 0.09/turn                (no ring)

@: no status effects
A: sickness immunity, AC +4, negative energy resistance 1, electricity
resistance, torment resistance 1, petrification resistance
a: no special abilities


You were on level 3 of the Dungeon.
You visited 1 branch of the dungeon, and saw 3 of its levels.

You collected 157 gold pieces.

Inventory:

Hand Weapons
 a - a +0 war axe (weapon)
 o - a +0 dagger of flaming
Armour
 b - a +0 scale mail (worn)
 c - a +0 buckler (worn)
 n - a +0 helmet (worn)
Scrolls
 f - a scroll of vulnerability {unknown}
 g - 2 scrolls of teleportation {unknown}
 h - a scroll of fog {unknown}
 i - a scroll of summoning {unknown}
 j - 3 scrolls of identify
 k - 2 scrolls of blinking {unknown}
 m - a scroll of enchant armour {unknown}
 t - a scroll of torment {unknown}
 u - a scroll of amnesia {unknown}
Potions
 d - a potion of might
 e - 2 potions of curing
 l - a potion of lignification {unknown}
 q - a potion of resistance {unknown}
 r - 2 potions of flight {unknown}
 s - a potion of berserk rage {unknown}
 v - a potion of degeneration {unknown}
 w - a potion of haste {unknown}


   Skills:
 + Level 4.3 Fighting
 + Level 2.9 Axes
 - Level 4.0 Armour
 + Level 1.2 Stealth
 + Level 4.3 Shields


You had 4 spell levels left.
You didn't know any spells.
Your spell library contained the following spells:

 Spells                   Type           Power      Damage    Failure   Level
 Lesser Beckoning         Tloc           0%         N/A       90%         2
 Gell's Gravitas          Tloc           0%         N/A       99%         3
 Teleport Other           Tloc           0%         N/A       99%         3


Dungeon Overview and Level Annotations

Branches:
Dungeon (3/15)

Altars:

Shops:
D:1 *

Annotations:
D:2 1 runed translucent door, Crazy Yiuf


Innate Abilities, Weirdness & Mutations

You are immune to sickness and miasma.
Your stone body is resilient. (AC +4)
You are immune to poison.
You resist negative energy. (rN+)
You are resistant to electric shocks. (rElec)
You are resistant to unholy torment.
You are immune to petrification.


Message History

The centaur hits you but does no damage.
The centaur completely misses you. The orc barely misses you.
You barely miss the centaur. You closely miss the orc. x2
The centaur hits you.
The centaur kicks you but does no damage.
A kobold comes into view. It is wielding a +0 short sword.
The orc hits you but does no damage. The orc completely misses you.
The centaur hits you but does no damage.
The centaur kicks you but does no damage.
The kobold shouts!
You hit the centaur but do no damage. You slash the orc!
You kill the orc!
You barely miss the orc. The centaur hits you. You block the centaur's attack.
The orc hits you but does no damage. The centaur misses you.
The centaur kicks you but does no damage.
You hit the centaur.
The centaur is moderately wounded.
You barely miss the orc. The centaur closely misses you.
The centaur kicks you but does no damage.
The orc hits you but does no damage. The centaur hits you.
* * * LOW HITPOINT WARNING * * *
The centaur kicks you but does no damage.
The orc hits you but does no damage. The orc barely misses you.
You slash the centaur!
The centaur is heavily wounded.
You barely miss the orc. You slash the orc!
You kill the orc!
The centaur hits you but does no damage.
The centaur kicks you but does no damage.
The orc closely misses you. You block the centaur's attack.
The centaur kicks you but does no damage.
You barely miss the centaur.
The centaur is heavily wounded.
You hit the orc. x2; The centaur hits you.
* * * LOW HITPOINT WARNING * * *
The centaur completely misses you. The orc closely misses you.
The orc hits you but does no damage. You block the centaur's attack.
The centaur kicks you but does no damage.
The orc hits you with a +0 war axe!
You die...

#.# *,** *,,,,,,* #.# #.#
****,*** #.# #.# *,* #.# #.#
**+** #.# #.# **,,,** ##.# #.##
**>,,,,** ##..# #..## **,,,,,,,**
##...###########.c.####,,,,,,,,,*
................@.....+,,,,,,,<,+
##.....#########oo.####,,,,,,,,,*
##....# #K.## **,,,,,,,** ##...#
#.## **,,,,,** ##.## ****#.#****
**,,,** #.# *,,,...,,,* **+** #.#
*,,,...,,,* *,* #.# *,,,...,,,*
*,* #####.# *,,,,,,,,,******,**


You could see a centaur, 2 orcs and a kobold.

Vanquished Creatures
  A scorpion (D:3)
  Robin (D:2)
  3 adders (D:2)
  2 dart slugs (D:1)
  2 orcs (D:3)
  4 ball pythons
  3 endoplasms
  2 giant cockroaches (D:1)
  13 goblins
  6 hobgoblins
  6 kobolds
  3 quokkas
  8 bats
  3 frilled lizards
  4 rats
61 creatures vanquished.

Notes
Turn   | Place    | Note
-------+----------+-------------------------------------------
     0 | D:1      | hikkokomori the Gargoyle Fighter began the quest for the
                  | Orb.
     0 | D:1      | Reached XP level 1. HP: 14/14 MP: 1/1
    53 | D:1      | Reached XP level 2. HP: 19/19 MP: 2/2
   334 | D:1      | Found Botoj's Assorted Antiques.
   398 | D:1      | Reached XP level 3. HP: 16/23 MP: 3/3
   825 | D:2      | Found a faded altar of an unknown god.
   826 | D:2      | Noticed Robin
   859 | D:2      | Killed Robin
   860 | D:2      | Reached XP level 4. HP: 11/29 MP: 4/4
  1350 | D:2      | Found a runed translucent door.
  1351 | D:2      | Noticed Crazy Yiuf
  1716 | D:3      | Noticed a scorpion
  1725 | D:3      | Killed a scorpion
  1726 | D:3      | Reached skill level 1 in Stealth
  1726 | D:3      | Reached XP level 5. HP: 29/33 MP: 5/5
  1888 | D:3      | Noticed a centaur
  1900 | D:3      | HP: 1/34 [centaur (5)]
  1900 | D:3      | Mangled by an orc

Illustrated notes

Levels and vault maps discovered:
D:1:      lightli_arrival_noodles, layout_basic, serial_shops,
          nicolae_shop_overgrown_old_shop, minmay_pentomino_o4
D:2:      layout_loops_cross, shapermc_ecumenical_altar_starsandcircs,
          uniq_robin, uniq_crazy_yiuf_cottage
D:3:      layout_loops_corners, portal_sewer_entry_d, uniq_ijyb

Skill      XL: |  1  2  3  4 |
---------------+-------------+-----
Axes           | 2 |  2.9
Shields        | 4 |  4.3
Fighting       | 4 |  4.3
Armour         | 4 |  4.0
Stealth        | 1 |  1.2

Action                     |  1- 3 |  4- 6 || total
---------------------------+-------+-------++-------
  Melee: War axe           |    80 |    88 ||   168
    Use: Potion            |     1 |       ||     1
         Scroll            |       |     2 ||     2
 Armour: Scale mail        |    50 |    73 ||   123
  Dodge: Dodged            |    43 |    64 ||   107
  Block: Buckler           |    31 |    26 ||    57

Table legend: (Time is in decaauts)
 A = Elapsed time spent in this place.
 B = Non-inter-level travel time spent in this place.
 C = Inter-level travel time spent in this place.
 D = Time resting spent in this place.
 E = Time spent auto-exploring this place.
 F = Levels seen in this place.
 G = Mean time per level.
                   A        B        C        D        E       F      G
               +--------+--------+--------+--------+--------+-----+--------+
         Total |   1969 |   1911 |     58 |      0 |   1449 |   3 |  656.3 |
       Dungeon |   1969 |   1911 |     58 |      0 |   1449 |   3 |  656.3 |
               +--------+--------+--------+--------+--------+-----+--------+

Top non-repeatable levels by time:
     D:2: 908 daAuts
     D:1: 840 daAuts
     D:3: 220 daAuts
